 Dungeon Crawl Stone Soup version 0.23-a0-405-g368ce00 (webtiles) character file.

39475 MisterFreud the Basher (level 14, -14/102 HPs)
             Began as a Naga Fire Elementalist on Nov 6, 2018.
             Was the Champion of Cheibriados.
             Demolished by a frost giant
             ... wielding a +2 battleaxe of freezing
              (31 damage)
             ... in an ice cave.
             The game lasted 01:16:02 (15464 turns).

MisterFreud the Basher (Naga Fire Elementalist)    Turns: 15464, Time: 01:16:03

Health: -14/102    AC: 28    Str: 27    XL:     14   Next: 6%
Magic:  4/23       EV: 17    Int: 35    God:    Cheibriados [******]
Gold:   1157       SH: 17    Dex: 26    Spells: 8/25 levels left

rFire    . . .     SeeInvis +   l - +0 mace (protect)
rCold    + + +     Gourm    .   J - +0 shield
rNeg     . . .     Faith    .   z - +0 robe of Cupnupon {rF+ rC++}
rPois    +         Spirit   .   (no helmet)
rElec    .         Reflect  +   (no cloak)
rCorr    .         Harm     .   L - +0 pair of gloves
MR       +....                  (no barding)
Stlth    +++++.....             P - +4 amulet of reflection
HPRegen  0.27/turn              a - ring of ice
MPRegen  0.18/turn              j - +5 ring of protection

@: icy armour, protection aura, very slow
A: large, see invisible, deformed body, poison resistance, slowness 2, slow
metabolism 1, spit poison 1, constrict 1, AC +4
a: Spit Poison, Bend Time, Temporal Distortion, Slouch, Step From Time, Renounce
Religion


You were in an ice cave.
You worshipped Cheibriados.
Cheibriados was exalted by your worship.
You were not hungry.

You visited 3 branches of the dungeon, and saw 15 of its levels.
You also visited: Ice Cave.

You collected 1157 gold pieces.

Inventory:

Hand Weapons
 h - a +2 hunting sling of freezing
 l - a +0 mace of protection (weapon)
Missiles
 i - 419 stones (quivered)
 k - 80 sling bullets
 u - 23 arrows
 Z - a throwing net
Armour
 z - the +0 robe of Cupnupon (worn) {rF+ rC++}
   (You found it on level 1 of the Lair of Beasts)

   It protects you from fire.
   It greatly protects you from cold.
 C - a +2 robe of fire resistance
 J - a +0 shield (worn)
 L - a +0 pair of gloves (worn)
Jewellery
 a - a ring of ice (left hand)
 b - an uncursed ring of magical power
 j - a +5 ring of protection (right hand)
 o - an uncursed ring of protection from cold
 p - an uncursed ring of fire
 q - a +4 ring of dexterity
 D - a +5 ring of slaying
 I - an uncursed ring of protection from cold
 P - a +4 amulet of reflection (around neck)
 S - an uncursed ring of wizardry
 Y - an uncursed ring of fire
Wands
 d - a wand of clouds (15)
 g - a wand of disintegration (6)
 n - a wand of scattershot (10)
 s - a wand of acid (5)
 x - a wand of paralysis (8)
 A - a wand of enslavement (10)
 G - a wand of digging (11)
 T - a wand of iceblast (11)
 V - a wand of flame (11)
 W - a wand of polymorph (21)
Scrolls
 e - 7 scrolls of enchant armour
 r - a scroll of enchant weapon
 t - 3 scrolls of identify
 w - a scroll of amnesia
 y - 4 scrolls of teleportation
 B - 8 scrolls of remove curse
 M - 2 scrolls of fog
 N - a scroll of holy word
 Q - 3 scrolls of fear
 U - 2 scrolls of magic mapping
Potions
 f - 3 potions of resistance
 m - a potion of mutation
 v - 2 potions of flight
 E - 3 potions of curing
 F - 3 potions of agility
 K - a potion of brilliance
 O - 5 potions of lignification
Miscellaneous
 R - a fan of gales
Comestibles
 c - 25 rations
 H - 4 chunks of flesh


   Skills:
 + Level 11.8 Maces & Flails
 + Level 7.6 Dodging
 + Level 9.7 Stealth
 - Level 9.0 Shields
 - Level 6.0 Spellcasting
 + Level 7.8 Conjurations
 - Level 4.0 Charms
 + Level 7.6 Fire Magic
 - Level 4.0 Ice Magic
 - Level 6.0 Invocations
 + Level 1.0 Evocations


You had 8 spell levels left.
You knew the following spells:

 Your Spells              Type           Power        Failure   Level  Hunger
a - Flame Tongue          Conj/Fire      #####        1%          1    None
b - Conjure Flame         Conj/Fire      ######..     1%          3    None
c - Sticky Flame          Conj/Fire      ######..     1%          4    ##.....
d - Fireball              Conj/Fire      ######....   4%          5    ####...
e - Ozocubu's Armour      Chrm/Ice       ######..     2%          3    None
f - Summon Butterflies    Summ           ##......     3%          1    None

Your spell library contained the following spells:

 Spells                   Type           Power        Failure   Level  Hunger
 Freeze                   Ice            ####         1%          1    None
 Sting                    Conj/Pois      ####         1%          1    None
 Throw Flame              Conj/Fire      ######       1%          2    None
 Throw Frost              Conj/Ice       ######       1%          2    None
 Inner Flame              Hex/Fire       #####...     2%          3    None
 Stone Arrow              Conj/Erth      #####.       2%          3    None
 Animate Skeleton         Necr           N/A          3%          1    None
 Apportation              Tloc           ##....       3%          1    None
 Confusing Touch          Hex            ##....       3%          1    None
 Sandblast                Erth           ##....       3%          1    None
 Summon Small Mammal      Summ           ##..         3%          1    None
 Mephitic Cloud           Conj/Pois/Air  ####....     3%          3    None
 Throw Icicle             Conj/Ice       ######..     3%          4    ##.....
 Passwall                 Tmut/Erth      ##......     5%          2    None
 Poisonous Vapours        Pois/Air       ##....       5%          2    None
 Call Canine Familiar     Summ           ##......     11%         3    None
 Summon Ice Beast         Ice/Summ       #####...     16%         4    ##.....
 Venom Bolt               Conj/Pois      #####.....   21%         5    ####...
 Olgreb's Toxic Radiance  Pois           ##......     36%         4    ##.....
 Petrify                  Tmut/Erth      ##......     36%         4    ##.....
 Lee's Rapid Deconstruct  Erth           ##........   71%         5    ####...
 Summon Mana Viper        Hex/Summ       ##......     71%         5    ####...
 Summon Hydra             Summ           ##........   100%        7    #######


Dungeon Overview and Level Annotations

Branches:
Dungeon (12/15)            Temple (1/1) D:7            Lair (2/6) D:11
 Spider (0/4) Lair:2          Orc (0/2) D:10
  Swamp: Lair:2-4    Shoals: Lair:2-4

Altars:
Ashenzari
Cheibriados
Dithmenos
Fedhas
Gozag
Hepliaklqana
Makhleb
Nemelex Xobeh
Okawaru
Qazlal
Ru
Sif Muna
Trog
Uskayaw
Vehumet
Yredelemnul

Annotations:
D:2 Sigmund
D:6 1 runed door, NorthaanB's ghost, novice OpIE


Innate Abilities, Weirdness & Mutations

You cannot wear boots.
Your serpentine skin is tough. (AC +4)
You have supernaturally acute eyesight. (SInv)
Armour fits poorly on your strangely shaped body.
Your system is resistant to poisons. (rPois)
You cover ground very slowly.
You have a slow metabolism.
You can spit poison.
You can use your snake-like lower body to constrict enemies.


Message History

Aiming: Scattershot
Press: ? - help, Shift-Dir - straight line, f - polar bear
Aim: a polar bear The burst of metal fragments hits the frost giant. x4
The frost giant is almost dead.
The frost giant gestures at you while chanting.
The bolt of cold hits you! You resist.
* * * LOW HITPOINT WARNING * * *
Press: ? - help, v - describe, . - travel
Here: a frost giant, wielding a +2 battleaxe of freezing, wearing a +0 animal The floor, spattered with blood.
Unknown command.
Evoke which item? (* to show all) (? for menu, Esc to quit)
Aiming: Cloud Cone
Press: ? - help, Dir - move target cursor, f/p - polar bear
Aim: a polar bear You create a blast of noxious fumes!
The frost giant is engulfed in noxious fumes.
The frost giant hits you with a +2 battleaxe of freezing!!
You die... |# .. ###. ##### ##YYh

###...#### #h...
##...#....###
#.Y.###..####.....##
#.Yh##..#####.....#
###CY###.#.#####...
#.@###.†.⌠.# ##..
###.#†#...## ###
##.###### #######
### ###....##
###...#....
###....######
##...#### ####...##
##....†## #


You could see a frost giant, a polar bear and a yak.

Vanquished Creatures
  An ice dragon (D:10)
  A hydra (D:11)
  Harold (Lair:1)
  A centaur warrior (D:10)
  Erica (D:9)
  2 death yaks (Lair:2)
  4 two-headed ogres
  Sonja (Lair:1)
  2 unseen horrors (D:10)
  Pikel (D:4)
  An ugly thing (D:11)
  An oklob plant (D:11)
  A deep elf mage (D:12)
  A cyclops (D:12)
  An ice statue (IceCv)
  2 gargoyles
  A torpor snail (Lair:2)
  A spiny frog (Lair:1)
  3 rime drakes
  3 centaur skeletons
  3 komodo dragons (Lair:1)
  18 polar bears (IceCv)
  2 trolls
  4 hornets (D:9)
  Prince Ribbit (D:6)
  9 slime creatures
  4 hippogriffs
  A wraith (D:10)
  3 shadows
  30 yaks
  A tarantella (Lair:2)
  2 wyverns
  A basilisk (Lair:1)
  2 hungry ghosts
  A soldier ant (D:9)
  An acid dragon (D:12)
  6 water moccasins
  4 orc warriors
  2 porcupines (Lair:1)
  3 slaves (D:4)
  3 sky beasts (D:10)
  A black bear (D:9)
  2 eyes of draining
  2 phantoms
  3 ice beasts
  6 ogres
  A boggart (D:10)
  34 wolves
  5 crocodiles
  10 centaurs
  12 bullfrogs
  3 big kobolds
  Blork the orc (D:5)
  A gnoll sergeant (D:9)
  A wyvern zombie (D:9)
  2 scorpions
  A water moccasin skeleton (D:10)
  5 killer bees (D:11)
  2 electric eels (Lair:1)
  5 howler monkeys
  3 centaur zombies
  10 crimson imps
  A gnoll shaman (D:5)
  4 bullfrog skeletons
  3 hounds
  13 orc priests
  5 jellies
  20 orc wizards
  Jessica (D:3)
  Ijyb (D:5)
  9 worker ants
  A hound zombie (D:10)
  A hound skeleton (D:6)
  Robin (D:3)
  9 adders
  12 gnolls
  A howler monkey skeleton (D:7)
  5 shadow imps
  An ooze (D:2)
  5 adder zombies
  2 worms (D:3)
  2 dart slugs
  8 leopard geckos
  60 orcs
  6 bats
  5 giant cockroaches
  19 goblins
  11 hobgoblins
  15 jackals
  A quokka (D:9)
  A ball python (D:3)
  4 frilled lizards
  A jackal zombie (D:9)
  22 kobolds
  2 leopard gecko skeletons (D:6)
  2 quokka skeletons (D:4)
  7 rats
  A plant (D:11)
503 creatures vanquished.

Vanquished Creatures (others)
  A slave (D:5)
  3 centaurs
  A bullfrog skeleton (D:5)
  A gnoll (D:5)
  An orc (D:5)
  A giant cockroach (D:5)
  A kobold (D:12)
9 creatures vanquished.

Grand Total: 512 creatures vanquished

Notes
Turn   | Place    | Note
-------+----------+-------------------------------------------
     0 | D:1      | MisterFreud the Naga Fire Elementalist began the quest for
                  | the Orb.
     0 | D:1      | Reached XP level 1. HP: 15/15 MP: 3/3
    82 | D:1      | Reached XP level 2. HP: 15/22 MP: 0/5
   433 | D:1      | Reached skill level 5 in Stealth
   460 | D:1      | HP: 1/22 [jackal (2)]
   465 | D:1      | Reached XP level 3. HP: 18/28 MP: 0/6
   802 | D:1      | Learned a level 3 spell: Conjure Flame
   949 | D:2      | Noticed a bullfrog
  1113 | D:2      | Killed a bullfrog
  1113 | D:2      | Reached XP level 4. HP: 30/36 MP: 7/7
  1262 | D:2      | Reached XP level 5. HP: 41/42 MP: 8/8
  1332 | D:2      | Found a blossoming altar of Fedhas.
  1638 | D:2      | Noticed Sigmund
  1820 | D:3      | Noticed Jessica
  1831 | D:3      | Killed Jessica
  1831 | D:3      | Reached XP level 6. HP: 49/49 MP: 3/9
  1842 | D:3      | Learned a level 4 spell: Sticky Flame
  2802 | D:3      | Noticed Robin
  2832 | D:3      | Killed Robin
  3078 | D:4      | Reached XP level 7. HP: 55/55 MP: 10/10
  3128 | D:4      | Reached skill level 5 in Conjurations
  3162 | D:4      | Reached skill level 5 in Fire Magic
  3402 | D:4      | Noticed Pikel
  3415 | D:4      | Killed Pikel
  3415 | D:4      | Reached skill level 5 in Spellcasting
  3415 | D:4      | Reached XP level 8. HP: 43/62 MP: 4/16
  3731 | D:4      | Found an iron altar of Okawaru.
  3813 | D:5      | Entered Level 5 of the Dungeon
  4011 | D:5      | Noticed Blork the orc
  4028 | D:5      | Killed Blork the orc
  4516 | D:4      | Learned a level 5 spell: Fireball
  4928 | D:5      | Noticed Ijyb
  4933 | D:5      | Killed Ijyb
  5042 | D:6      | Noticed a yak
  5044 | D:6      | Noticed a yak
  5044 | D:6      | Noticed a yak
  5052 | D:6      | Killed a yak
  5052 | D:6      | Reached skill level 1 in Maces & Flails
  5052 | D:6      | Reached XP level 9. HP: 28/68 MP: 6/18
  5052 | D:6      | Reached skill level 3 in Maces & Flails
  5056 | D:6      | Reached skill level 4 in Maces & Flails
  5320 | D:6      | Found a runed door.
  5325 | D:6      | Noticed NorthaanB's ghost (novice OpIE)
  5345 | D:6      | Reached skill level 5 in Maces & Flails
  5396 | D:6      | Noticed Prince Ribbit
  5797 | D:6      | Killed Prince Ribbit
  5797 | D:6      | Reached skill level 6 in Maces & Flails
  5838 | D:6      | Found a deep blue altar of Sif Muna.
  6075 | D:6      | Found a hide-covered altar of Uskayaw.
  6075 | D:6      | Found a hazy altar of Hepliaklqana.
  6080 | D:6      | Found a shadowy altar of Dithmenos.
  6083 | D:6      | Found a basalt altar of Yredelemnul.
  6084 | D:6      | Found a burning altar of Makhleb.
  6231 | D:7      | Reached skill level 7 in Maces & Flails
  6317 | D:7      | Reached skill level 8 in Maces & Flails
  6363 | D:7      | Reached XP level 10. HP: 49/75 MP: 12/19
  6438 | D:7      | Reached skill level 9 in Maces & Flails
  6509 | D:7      | Found a sacrificial altar of Ru.
  6585 | D:7      | Found a staircase to the Ecumenical Temple.
  6650 | Temple   | Entered the Ecumenical Temple
  6656 | Temple   | Became a worshipper of Cheibriados the Contemplative
  7121 | D:8      | Reached * piety under Cheibriados
  7487 | D:9      | Noticed a two-headed ogre
  7495 | D:9      | Killed a two-headed ogre
  7495 | D:9      | Reached skill level 10 in Maces & Flails
  7532 | D:9      | Reached skill level 1 in Shields
  7683 | D:9      | Noticed Erica
  7696 | D:9      | Killed Erica
  7963 | D:9      | Reached ** piety under Cheibriados
  8061 | D:9      | Reached XP level 11. HP: 22/81 MP: 8/20
  8064 | D:9      | Reached skill level 5 in Shields
  8280 | D:9      | Noticed a two-headed ogre
  8299 | D:9      | Killed a two-headed ogre
  9208 | D:9      | Reached *** piety under Cheibriados
  9586 | D:9      | Learned a level 3 spell: Ozocubu's Armour
  9587 | D:10     | Entered Level 10 of the Dungeon
  9749 | D:10     | Noticed an unseen horror
  9862 | D:10     | Noticed an unseen horror
  9884 | D:10     | Killed an unseen horror
  9913 | D:10     | Found a staircase to the Orcish Mines.
  9970 | D:10     | Noticed a centaur warrior
  9985 | D:10     | Killed a centaur warrior
 10005 | D:10     | Reached **** piety under Cheibriados
 10187 | D:10     | Identified the Compendium of the Blaze and Contamination
 10212 | D:10     | Learned a level 1 spell: Summon Butterflies
 10260 | D:10     | Killed an unseen horror
 10526 | D:10     | Noticed an ice dragon
 10777 | D:10     | Reached XP level 12. HP: 83/88 MP: 21/21
 10923 | D:10     | Reached ***** piety under Cheibriados
 10960 | D:10     | Killed an ice dragon
 10960 | D:10     | Reached skill level 5 in Invocations
 11105 | D:10     | Reached skill level 1 in Charms
 11105 | D:10     | Reached skill level 1 in Ice Magic
 11343 | D:11     | Noticed a two-headed ogre
 11350 | D:11     | Killed a two-headed ogre
 11379 | D:11     | Noticed a two-headed ogre
 11393 | D:11     | Killed a two-headed ogre
 11860 | D:11     | Noticed a four-headed hydra
 11868 | D:11     | Killed a four-headed hydra
 12080 | D:11     | Found a staircase to the Lair.
 12092 | D:11     | Reached skill level 5 in Dodging
 12667 | D:12     | Gained mutation: You can use your snake-like lower body to
                  | constrict enemies. [Naga growth]
 12667 | D:12     | Reached XP level 13. HP: 94/94 MP: 16/22
 13018 | D:12     | Reached skill level 11 in Maces & Flails
 13364 | Lair:1   | Entered Level 1 of the Lair of Beasts
 13473 | Lair:1   | Noticed Sonja
 13482 | Lair:1   | Killed Sonja
 13589 | Lair:1   | Noticed Harold
 13617 | Lair:1   | Killed Harold
 13752 | Lair:1   | Reached ****** piety under Cheibriados
 14174 | Lair:1   | Got an ancient robe
 14175 | Lair:1   | Identified the +0 robe of Cupnupon {rF+ rC++} (You found it
                  | on level 1 of the Lair of Beasts)
 14673 | Lair:2   | Found a hole to the Spider Nest.
 14738 | Lair:2   | Found a frozen archway.
 14758 | IceCv    | Entered an ice cave
 15346 | IceCv    | Reached XP level 14. HP: 101/102 MP: 13/23
 15412 | IceCv    | Reached skill level 1 in Evocations
 15436 | IceCv    | Noticed a frost giant
 15464 | IceCv    | Demolished by a frost giant

Vault maps used:
D:1:      dpeg_arrival_fog, minivault_25
D:2:      fedhas_altar_fruit_tree, uniq_sigmund
D:3:      kennysheep_goblin_castle, uniq_jessica
D:4:      lemuel_coloured_pillars_altar, uniq_duvessa, uniq_pikel
D:5:      first_ration, uniq_blork_the_orc, uniq_ijyb
D:6:      chequers_temple_overflow_minitemple, kennysheep_mini_moat,
          ebering_ghost_inner_flame, uniq_prince_ribbit1
D:7:      minmay_temple_entry_from_below_a, nicolae_ru_sacrificial_ziggurat
D:9:      hangedman_pestilent_swarm, uniq_erica
D:10:     minmay_the_grid_4x2
D:11:     dpeg_oklobed_lair, small_statue_alley_a, kennysheep_flooded_box,
          minmay_variable_closet
Temple:   eino_narrow_crystal_temple
Lair:1:   uniq_harold, uniq_sonja
Lair:2:   spider_nest_entry_rubble, portal_ice_cave_rime, serial_bayou_pond_c,
          grunt_megastairs_5
IceCv:    ice_cave_caverns_01

Skill      XL: |  1  2  3  4  5  6  7  8  9 10 11 12 13 14 |
---------------+-------------------------------------------+-----
Stealth        | 4 5 6 9 |  9.7
Conjurations   | 3 4 5 6 7 |  7.8
Fire Magic     | 4 5 6 7 |  7.6
Spellcasting   | 5 6 |  6.0
Maces & Flails | 1 8 10 11 | 11.8
Shields        | 4 9 |  9.0
Invocations    | 4 6 |  6.0
Charms         | 4 |  4.0
Ice Magic      | 4 |  4.0
Dodging        | 5 7 |  7.6
Evocations     | 1 |  1.0

Action                   |  1- 3 |  4- 6 |  7- 9 | 10-12 | 13-15 || total
-------------------------+-------+-------+-------+-------+-------++-------
Melee: Short sword       |    39 |    18 |    31 |       |       ||    88
       Unarmed           |     9 |       |       |       |    77 ||    86
       Whip              |       |       |   100 |   635 |    82 ||   817
       Mace              |       |       |       |       |   267 ||   267
       Constrict         |       |       |       |       |    84 ||    84
 Cast: Flame Tongue      |    30 |   105 |    86 |    46 |     2 ||   269
       Conjure Flame     |       |     1 |     2 |     3 |       ||     6
       Sticky Flame      |       |     1 |    29 |    82 |    49 ||   161
       Ozocubu's Armour  |       |       |       |    16 |    38 ||    54
Invok: Slouch            |       |       |       |     2 |       ||     2
 Abil: Spit Poison       |    19 |    37 |    24 |     3 |       ||    83
Evoke: Wand              |       |       |     2 |    12 |     6 ||    20
  Use: Scroll            |     6 |     4 |     4 |     8 |     3 ||    25
       Potion            |     2 |       |       |       |     1 ||     3
 Stab: Sleeping          |     1 |     7 |     2 |    15 |     7 ||    32
       Distracted        |       |       |       |     1 |     1 ||     2
  Eat: Chunk             |     1 |    10 |    11 |    18 |     6 ||    46
       Ration            |       |       |     1 |     2 |     1 ||     4
Armor: Robe              |    13 |    38 |    83 |   181 |   133 ||   448
Dodge: Dodged            |    47 |    57 |    78 |   216 |   235 ||   633
Block: Other             |       |    10 |    19 |    69 |       ||    98
       Reflection        |       |       |     1 |    18 |     8 ||    27
       Shield            |       |       |       |   128 |   430 ||   558

Table legend:
 A = Non-vault XP
 B = Vault XP
 C = Vault XP percentage of total XP
 D = Non-vault monster count
 E = Vault monster count
 F = Vault count percentage of total count
                 A         B        C        D         E       F
            +---------+---------+-------+---------+---------+-------
      Total |   35420 |   20974 |  37.2 |     399 |     103 |  20.5
            +---------+---------+-------+---------+---------+-------
        D:1 |      40 |       0 |   0.0 |      22 |       0 |   0.0
        D:2 |     145 |       0 |   0.0 |      26 |       0 |   0.0
        D:3 |     295 |      90 |  23.4 |      29 |      22 |  43.1
        D:4 |     502 |     617 |  55.1 |      26 |       1 |   3.7
        D:5 |     375 |     126 |  25.1 |      17 |       2 |  10.5
        D:6 |    1399 |     277 |  16.5 |      25 |       1 |   3.8
        D:7 |    1511 |       0 |   0.0 |      29 |       0 |   0.0
        D:8 |     471 |       0 |   0.0 |      19 |       0 |   0.0
        D:9 |    5339 |    1955 |  26.8 |      54 |       5 |   8.5
       D:10 |    4055 |    4158 |  50.6 |      40 |      17 |  29.8
       D:11 |    8223 |     587 |   6.7 |      41 |       1 |   2.4
       D:12 |    5034 |       0 |   0.0 |      30 |       0 |   0.0
     Lair:1 |    4666 |    1762 |  27.4 |      28 |       2 |   6.7
     Lair:2 |    3365 |     976 |  22.5 |      13 |       3 |  18.8
      IceCv |       0 |   10426 | 100.0 |       0 |      49 | 100.0
            +---------+---------+-------+---------+---------+-------
